Map: Moondance

Players

DnS - Winner!

  • Race: Protoss Protoss
  • Spawn Location: 6:00

FoxeR

  • Race: Terran Terran
  • Spawn Location: 12:00

Event: DreamHack SC2 Masters 2022 Atlanta (Offline)

VOD

Have the link to the VOD?

Description

Time

  • Played on: Nov. 18, 2022, 11:31 a.m.
  • Length: 7:12

All games in this series

Show
View Real Time Build Order
Export as new Build Order

DnS Protoss - Winner!

Build Orders: 1 Gate Expand 

Get SALT Encoding   

  12  0:01  Probe  
  13  0:13  Probe  
  14  0:20  Pylon  
  14  0:25  Probe (Chrono Boost)  
  15  0:39  Gateway, Probe (Chrono Boost)  
  16  0:47  Probe (Chrono Boost)  
  16  0:48  Assimilator  
  17  0:53  Probe  
  18  1:05  Probe  
  19  1:19  Nexus  
  19  1:30  Cybernetics Core  
  19  1:32  Probe  
  20  1:42  Assimilator  
  20  1:44  Probe  
  21  1:49  Pylon  
  21  1:56  Probe  
  22  2:05  Adept (Chrono Boost)  
  24  2:08  Warp Gate  
  24  2:09  Probe (Chrono Boost)  
  25  2:19  Probe (Chrono Boost)  
  26  2:23  Probe (Chrono Boost)  
  26  2:25  Stalker (Chrono Boost)  
  29  2:31  Probe  
  29  2:35  Probe  
  29  2:36  Twilight Council  
  31  2:43  Probe  
  32  2:47  Probe  
  32  2:48  Stalker  
  35  2:55  Probe  
  36  3:00  Probe  
  37  3:08  Probe  
  38  3:17  Shield Battery  
  38  3:18  Stalker (Chrono Boost)  
  38  3:20  Shield Battery  
  32  3:35  Shield Battery  
  32  3:38  Probe  
  32  3:39  Pylon  
  30  3:45  Stalker (Chrono Boost)  
  30  3:50  Probe  
  23  4:17  Probe x2  
  23  4:22  Stalker  
  23  4:24  Blink  
  27  4:29  Probe x2  
  29  4:41  Probe (Chrono Boost)  
  29  4:42  Probe (Chrono Boost)  
  31  4:48  Gateway  
  31  4:52  Robotics Facility  
  33  4:53  Probe x2 (Chrono Boost)  
  33  4:57  Probe x2 (Chrono Boost)  
  35  5:08  Probe (Chrono Boost)  
  35  5:10  Sentry  
  35  5:12  Probe (Chrono Boost)  
  39  5:16  Pylon  
  39  5:19  Probe (Chrono Boost)  
  39  5:20  Assimilator  
  41  5:23  Probe (Chrono Boost)  
  41  5:28  Probe (Chrono Boost)  
  42  5:31  Probe (Chrono Boost)  
  42  5:33  Assimilator  
  44  5:35  Stalker  
  44  5:36  Probe (Chrono Boost)  
  44  5:37  Probe (Chrono Boost)  
  44  5:39  Observer  
  48  5:46  Probe (Chrono Boost)  
  48  5:49  Pylon  
  50  5:51  Probe (Chrono Boost)  
  50  5:52  Probe (Chrono Boost)  
  51  5:57  Robotics Bay  
  51  5:58  Probe  
  51  6:00  Probe  
  54  6:17  Shield Battery  
  53  6:18  Immortal  
  53  6:19  Sentry x2  
  53  6:22  Shield Battery  
  53  6:23  Pylon  
  61  6:29  Gateway  
  59  6:42  Stalker x2  
Show
View Real Time Build Order
Export as new Build Order

FoxeR Terran 

Build Orders:  

Get SALT Encoding   

  12  0:00  SCV  
  13  0:12  SCV  
  14  0:16  Supply Depot  
  14  0:24  SCV  
  15  0:38  SCV  
  15  0:41  Barracks  
  16  0:44  Refinery  
  16  0:50  SCV  
  17  1:02  SCV  
  17  1:04  Barracks  
  18  1:14  SCV  
  19  1:28  Marine  
  20  1:49  Command Center  
  20  1:53  Barracks Tech Lab  
  20  1:57  Barracks Reactor  
  20  2:08  Supply Depot  
  20  2:13  Marauder  
  22  2:18  Concussive Shells  
  22  2:33  Marine x2  
  22  2:35  Marauder  
  26  2:43  Orbital Command  
  26  2:51  Marine x2  
  27  2:58  Marauder  
  30  3:11  Bunker  
  30  3:12  Marine  
  30  3:13  Marine  
  30  3:16  SCV  
  32  3:26  Marauder  
  33  3:30  Marine  
  33  3:32  SCV  
  34  3:39  Marine  
  35  3:44  SCV  
  35  3:48  Marauder, Marine  
  34  3:57  SCV, Marine  
  35  4:03  SCV  
  35  4:06  Marine  
  35  4:09  SCV, Stimpack, Marauder  
  40  4:11  Factory  
  40  4:15  Marine  
  38  4:21  SCV  
  39  4:24  Orbital Command  
  39  4:26  Marine  
  39  4:30  Marine  
  41  4:33  SCV  
  41  4:35  Barracks  
  41  4:36  Marine  
  43  4:43  Supply Depot  
  43  4:44  Marine  
  44  4:46  SCV  
  44  4:50  SCV  
  46  4:57  Factory Tech Lab  
  46  5:03  Refinery  
  46  5:05  SCV x2, Marauder  
  46  5:06  Supply Depot  
  50  5:12  Engineering Bay  
  50  5:13  Marine  
  51  5:15  Marine  
  51  5:17  SCV x2  
  54  5:26  Barracks Tech Lab  
  54  5:28  Siege Tank  
  57  5:29  Supply Depot, SCV  
  57  5:34  Marine  
  57  5:35  Marauder, Marine  
  62  5:40  Supply Depot  
  62  5:45  Supply Depot  
  62  5:49  Combat Shield  
  62  5:51  SCV x2  
  62  5:54  Supply Depot  
  66  5:57  Marauder  
  66  6:02  Marine x3  
  66  6:03  SCV  
  70  6:04  SCV  
  71  6:11  Supply Depot  
  71  6:14  Siege Tank  
  71  6:15  SCV  
  71  6:16  SCV  
  76  6:26  Marauder, Marine x2  
  76  6:28  SCV x2  
  65  6:47  Marine x2  
  65  6:48  Marauder x2  
  65  6:51  Bunker x2  
  65  6:53  SCV, Bunker  
  64  6:58  SCV  
Tags
 
Add a new tag
Caveats
  • Supply blocks, unpowered buildings, or Contaminate may cause inaccurate times.
  • Supply counts are checked every 10 seconds.